Map: King's Cove LE

Players

TERMINATOR - Winner!

  • Race: Zerg Zerg
  • League: Diamond
  • Spawn Location: 5:00

PeLLy

  • Race: Zerg Zerg
  • League: Diamond
  • Spawn Location: 11:00

VOD

Have the link to the VOD?

Description

Time

  • Played on: Aug. 17, 2019, 3:39 p.m.
  • Length: 16:22
Show
View Real Time Build Order
Export as new Build Order

TERMINATOR Zerg - Winner!

Build Orders: Pool First 

Get SALT Encoding   

  12  0:01  Drone  
  13  0:08  Drone  
  14  0:18  Overlord  
  14  0:32  Extractor  
  14  0:33  Drone  
  14  0:43  Spawning Pool  
  13  0:51  Drone  
  13  0:52  Drone  
  13  0:54  Drone  
  16  1:06  Drone  
  17  1:12  Overlord  
  17  1:24  Drone  
  18  1:30  Queen  
  20  1:35  Metabolic Boost  
  20  1:38  Zergling x2  
  21  1:46  Zergling x2  
  22  1:56  Zergling x2  
  23  2:06  Drone  
  24  2:17  Hatchery  
  24  2:20  Drone  
  24  2:26  Baneling Nest  
  24  2:29  Zergling x2  
  22  2:47  Zergling x4  
  22  2:48  Zergling x2  
  25  2:59  Zergling x2  
  25  3:05  Extractor  
  25  3:09  Zergling x2  
  26  3:25  Zergling x2  
  26  3:26  Zergling x6  
  29  3:29  Drone, Queen  
  29  3:31  Drone  
  33  3:41  Drone  
  33  3:46  Baneling x5  
  34  3:50  Drone  
  34  3:52  Overlord  
  31  4:23  Drone  
  31  4:24  Drone x5  
  29  4:25  Roach Warren  
  29  4:28  Drone x3  
  33  4:33  Lair  
  33  4:36  Drone  
  34  4:46  Drone x3  
  37  4:56  Spine Crawler  
  37  4:57  Zergling x2  
  37  4:58  Zergling x4  
  39  5:00  Zergling x2  
  39  5:04  Overlord  
  38  5:24  Roach x3  
  38  5:25  Overlord  
  44  5:34  Evolution Chamber  
  43  5:38  Roach  
  42  5:53  Roach x2  
  42  5:54  Roach x3  
  53  5:58  Glial Reconstitution, Evolution Chamber  
  53  6:01  Overlord x2  
  52  6:22  Roach  
  52  6:23  Roach x7  
  68  6:26  Zerg Missile Weapons Level 1  
  68  6:38  Overlord x2  
  68  6:45  Extractor  
  67  6:48  Drone  
  68  6:58  Roach x5  
  68  7:00  Drone x2  
  78  7:20  Drone x5  
  77  7:39  Hatchery  
  74  7:46  Roach x5  
  84  7:54  Extractor  
  84  7:55  Overlord  
  83  7:58  Overlord  
  83  8:07  Drone  
  78  8:21  Roach x3  
  84  8:32  Drone x2  
  84  8:33  Drone x2  
  84  8:34  Drone x2  
  90  8:40  Zerg Missile Weapons Level 2, Roach x2  
  94  8:44  Centrifical Hooks  
  94  8:49  Roach x2  
  94  8:52  Drone x2  
  94  8:54  Drone  
  94  8:55  Drone  
  104  8:59  Ravager x2  
  106  9:04  Overlord x2  
  105  9:14  Extractor  
  96  9:30  Hatchery  
  91  9:35  Zergling x2  
  91  9:36  Zergling x20  
  100  9:52  Drone x2  
  102  10:02  Hatchery  
  67  10:35  Roach x2  
  63  10:36  Roach x7  
  63  10:39  Roach  
  66  10:48  Drone x3  
  69  10:55  Queen  
  69  10:56  Zerg Ground Armor Level 1  
  69  10:57  Drone  
  72  11:03  Drone  
  72  11:04  Drone  
  74  11:09  Roach x5  
  84  11:11  Ravager x2  
  84  11:12  Ravager x8  
  84  11:14  Roach x3  
  84  11:15  Roach  
  102  11:19  Drone  
  102  11:24  Roach x2  
  107  11:35  Drone x3  
  107  11:39  Drone x2  
  113  11:40  Drone  
  113  11:44  Roach x3  
  119  11:52  Roach  
  119  11:53  Roach x3  
  127  11:56  Overlord  
  127  11:57  Overlord  
  127  12:03  Zergling x2  
  128  12:14  Overlord  
  128  12:15  Overlord x3  
  128  12:19  Roach x7  
  128  12:20  Roach  
  146  12:37  Roach x7  
  158  12:46  Drone x2  
  158  12:47  Drone  
  158  12:49  Drone x4  
  165  12:52  Extractor  
  128  13:37  Hydralisk Den  
  127  13:42  Extractor  
  127  13:43  Drone x3  
  127  13:44  Overlord x3  
  127  13:45  Overlord  
  127  13:47  Drone x5  
  127  13:48  Drone x2  
  99  14:33  Hydralisk x4  
  99  14:34  Hydralisk x17  
  99  14:36  Muscular Augments  
  121  14:50  Extractor, Drone x3  
  121  14:54  Hydralisk x6  
  128  15:26  Drone x3  
  128  15:28  Drone x3  
  134  15:29  Hydralisk x14  
  162  15:46  Hatchery  
  159  15:50  Hydralisk x7  
  173  15:58  Infestation Pit  
Show
View Real Time Build Order
Export as new Build Order

PeLLy Zerg 

Build Orders: Hatch First, Zergling Baneling 

Get SALT Encoding   

  12  0:01  Drone  
  13  0:12  Drone  
  14  0:17  Overlord  
  14  0:36  Drone x3  
  17  0:54  Hatchery  
  16  0:58  Drone  
  17  1:10  Drone x2  
  19  1:20  Spawning Pool  
  19  1:24  Extractor  
  17  1:26  Drone  
  17  1:32  Drone  
  19  1:44  Overlord  
  19  1:53  Drone  
  20  2:09  Zergling x4  
  20  2:13  Zergling x2  
  23  2:18  Zergling x2  
  24  2:26  Baneling Nest  
  24  2:29  Queen x2  
  25  2:31  Zergling x4  
  29  2:41  Drone  
  29  2:42  Drone  
  31  2:50  Drone x2  
  33  2:53  Metabolic Boost  
  33  2:55  Drone  
  34  3:04  Zergling x2  
  31  3:22  Zergling x8  
  31  3:23  Baneling  
  31  3:24  Baneling  
  33  3:31  Zergling x2  
  33  3:33  Overlord  
  34  3:42  Baneling  
  34  3:43  Baneling x3  
  34  3:55  Drone x7  
  37  4:20  Zergling x18  
  43  4:29  Overlord  
  43  4:37  Queen, Evolution Chamber  
  44  4:39  Evolution Chamber  
  44  4:44  Baneling x2  
  43  4:57  Drone  
  43  4:58  Drone x5  
  49  5:04  Roach Warren  
  49  5:05  Baneling  
  49  5:06  Baneling x2  
  45  5:35  Drone x6  
  47  5:50  Baneling  
  47  5:53  Extractor  
  47  5:54  Extractor  
  43  6:00  Roach x4  
  43  6:03  Zerg Missile Weapons Level 1  
  51  6:07  Hatchery  
  51  6:10  Extractor  
  49  6:25  Roach  
  51  6:27  Overlord  
  51  6:28  Overlord x2  
  51  6:44  Drone  
  52  6:52  Roach  
  52  6:53  Spine Crawler, Roach x6  
  64  7:09  Roach x5  
  64  7:11  Overlord x2  
  72  7:20  Roach  
  72  7:21  Roach x3  
  70  7:36  Roach x8  
  72  7:52  Roach x4  
  72  8:01  Roach  
  72  8:03  Ravager x2  
  74  8:22  Lair  
  74  8:34  Roach Warren  
  73  8:45  Drone x6  
  73  8:46  Drone x6  
  85  8:58  Zerg Melee Weapons Level 1  
  85  9:00  Zergling x10  
  80  9:27  Roach x6  
  84  9:35  Roach x6  
  84  9:39  Overlord  
  75  9:47  Spine Crawler x2  
  75  9:52  Ravager  
  75  9:53  Ravager x5  
  79  10:03  Hatchery  
  64  10:07  Roach x7  
  78  10:15  Roach  
  76  10:25  Roach x2  
  68  10:31  Ravager  
  69  10:37  Roach x2  
  69  10:41  Ravager  
  74  10:44  Roach x2  
  78  10:52  Roach x6  
  90  10:58  Drone  
  90  10:59  Drone  
  92  11:07  Spire  
  92  11:09  Hatchery  
  90  11:14  Drone x2  
  92  11:28  Queen  
  92  11:30  Queen  
  96  11:35  Roach x5  
  96  11:38  Overlord x3  
  96  11:39  Overlord x3  
  106  11:42  Extractor  
  106  11:45  Extractor  
  104  11:59  Roach x8  
  104  12:01  Zerg Missile Weapons Level 2  
  120  12:03  Ravager  
  120  12:04  Ravager x2  
  123  12:14  Hydralisk Den  
  122  12:20  Ravager  
  123  12:40  Mutalisk x2  
  127  12:49  Pneumatized Carapace  
  127  13:04  Evolution Chamber  
  105  13:17  Roach  
  105  13:18  Roach x15  
  73  13:29  Roach x3  
  82  13:39  Mutalisk x2  
  71  13:54  Mutalisk  
  71  13:55  Mutalisk  
  75  14:02  Mutalisk  
  63  14:11  Mutalisk  
  55  14:19  Mutalisk  
  43  14:32  Roach, Mutalisk  
  43  14:36  Drone x2  
  38  14:46  Drone  
  32  15:35  Zergling x10  
  37  15:57  Baneling x6  
  37  15:58  Baneling  
Tags
 
Add a new tag
Caveats
  • Supply blocks, unpowered buildings, or Contaminate may cause inaccurate times.
  • Supply counts are checked every 10 seconds.